 Dungeon Crawl Stone Soup version 0.24-a0-346-ge062c78e24 (webtiles) character file.

Game seed: 633324087608412435

1682 MisterOstroum the Chucker (level 8, -2/81 HPs)
             Began as a Troll Hunter on May 22, 2019.
             Slain by an ufetubus (3 damage)
             ... summoned by Eustachio
             ... on level 6 of the Dungeon.
             The game lasted 00:13:36 (5151 turns).

MisterOstroum the Chucker (Troll Hunter)            Turns: 5151, Time: 00:13:37

Health: -2/81      AC:  6    Str: 28    XL:     8   Next: 71%
Magic:  7/7        EV: 10    Int:  7    God:
Gold:   277        SH:  0    Dex: 10    Spells: 7/7 levels left

rFire    + . .     SeeInvis .     - Unarmed
rCold    . . .     Gourm    +   (no shield)
rNeg     . . .     Faith    .   p - +0 robe
rPois    .         Spirit   .   (helmet restricted)
rElec    .         Reflect  .   (no cloak)
rCorr    .         Harm     .   (gloves unavailable)
MR       .....                  (boots unavailable)
Stlth    +.........             (no amulet)
HPRegen  0.63/turn              r - ring of protection from fire
MPRegen  0.10/turn              (no ring)

@: mighty
A: large, unfitting armour, claws 3, fast metabolism 3, gourmand, regeneration
1, shaggy fur 1, tough skin 3
a: no special abilities


You were on level 6 of the Dungeon.
You were very full.

You visited 1 branch of the dungeon, and saw 6 of its levels.
You also visited: Sewer.

You collected 277 gold pieces.

Inventory:

Missiles
 a - 85 stones
 b - a large rock (quivered)
 c - 38 poisoned darts
 d - a curare-tipped dart
 k - a throwing net {!f}
 z - 4 boomerangs
 G - 2 javelins
Armour
 p - a +0 robe (worn)
Jewellery
 r - a ring of protection from fire (left claw)
 D - an uncursed ring of protection from magic {unknown}
Wands
 B - a wand of paralysis (6)
Scrolls
 h - 2 scrolls of blinking {unknown}
 j - a scroll of fog {unknown}
 l - 9 scrolls of identify {@r1}
 o - 2 scrolls of enchant weapon
 q - 3 scrolls of immolation
 u - 2 scrolls of remove curse {unknown}
 x - 2 scrolls of magic mapping {unknown}
 y - 3 scrolls of teleportation {unknown}
 E - a scroll of amnesia {unknown}
Potions
 f - a potion of invisibility {unknown}
 g - 2 potions of ambrosia {unknown}
 m - 2 potions of might
 n - 2 potions of heal wounds {unknown}
 s - 5 potions of lignification {unknown}
 t - a potion of agility {unknown}
 v - a potion of cancellation {unknown}
 w - 3 potions of mutation {unknown}
 A - a potion of flight {unknown}
 C - a potion of curing {unknown}
Comestibles
 e - 10 rations


   Skills:
 + Level 5.5 Fighting
 + Level 6.9 Throwing
 - Level 1.5 Dodging
 - Level 0.3 Stealth
 + Level 6.3 Unarmed Combat


You had 7 spell levels left.
You didn't know any spells.
Your spell library contained the following spells:

 Spells                   Type           Power        Failure   Level  Hunger
 Sandblast                Erth           #.....       43%         1    ##.....
 Passwall                 Tmut/Erth      #.......     56%         2    ###....
 Stone Arrow              Conj/Erth      #.....       80%         3    ####...
 Petrify                  Tmut/Erth      #.......     99%         4    #####..
 Lee's Rapid Deconstruct  Erth           #.........   100%        5    ######.


Dungeon Overview and Level Annotations

Branches:
Dungeon (6/15)
 Temple: D:4-7

Altars:
Zin

Annotations:
D:5 !ice beast
D:6 Eustachio


Innate Abilities, Weirdness & Mutations

You are too large for most types of armour.
You have claws for hands.
Your metabolism is lightning-fast.
You like to eat raw meat.
Your natural rate of healing is unusually fast.
You are covered in fur. (AC +1)
You have extremely tough skin. (AC +3)


Message History

The river rat is heavily wounded.
The river rat bites you.
You closely miss the river rat.
The river rat is heavily wounded.
Eustachio gestures wildly while chanting.
Eustachio blinks!
The river rat bites you!
You scratch the river rat but do no damage.
The river rat is heavily wounded.
The river rat bites you.
The river rat bites you but does no damage.
You mangle the river rat!!
You kill the river rat!
The river rat's corpse disappears in a puff of smoke!
The river rat bites you but does no damage.
You barely miss the river rat. The river rat bites you.
Throwing (i - inventory. (/) - cycle)
b - 4 large rocks (quivered)
Press: ? - help, Shift-Dir - straight line, f - Eustachio
Aim: Eustachio, wielding a +0 falchion and wearing a +0 leather armour (unusually strong, inner flame)
You throw a large rock. The large rock misses Eustachio.
You hear a splash.
The river rat bites you.
Eustachio asks, "How can you live without manners, virtues and honour?"
Eustachio casts a spell.
Unknown command.
Throwing (i - inventory. (/) - cycle)
b - 3 large rocks (quivered)
Press: ? - help, Shift-Dir - straight line, f/p - Eustachio
Aim: Eustachio, wielding a +0 falchion and wearing a +0 leather armour (grey smoke, unusually strong, inner flame)
You throw a large rock. The large rock barely misses Eustachio.
You hear a splash.
The river rat bites you.
Eustachio casts a spell.
The quokka splashes around in the water.
The river rat bites you but does no damage.
Throwing (i - inventory. (/) - cycle)
b - 2 large rocks (quivered)
Press: ? - help, Shift-Dir - straight line, f/p - Eustachio
Aim: Eustachio, wielding a +0 falchion and wearing a +0 leather armour (unusually strong, inner flame)
You throw a large rock. The large rock barely misses Eustachio.
You hear a splash.
The quokka bites you. The river rat bites you! The quokka barely misses you.
A quokka comes into view.
Eustachio hits you but does no damage.
The quokka splashes around in the water.
The river rat bites you.
You miss Eustachio.
The ufetubus hits you but does no damage.
The ufetubus misses you. The quokka bites you. x2
Eustachio hits you with a +0 falchion.
The ufetubus splashes around in the water.
The ufetubus hits you.
You claw Eustachio!
Eustachio is moderately wounded.
The quokka misses you. The river rat bites you. The quokka barely misses you.
The ufetubus closely misses you. x2; Eustachio misses you.
You scratch Eustachio but do no damage.
Eustachio is moderately wounded.
The quokka closely misses you. The river rat misses you.
The ufetubus splashes around in the water.
The ufetubus misses you. The quokka bites you.
The quokka bites you but does no damage.
You barely miss Eustachio. You claw Eustachio.
Eustachio is moderately wounded.
The ufetubus barely misses you. x2; Eustachio splashes around in the water.
The quokka bites you. The river rat bites you!
The quokka bites you but does no damage.
You scratch Eustachio.
Eustachio is heavily wounded.
The ufetubus misses you. The ufetubus barely misses you.
The quokka splashes around in the water.
Eustachio closely misses you. The river rat barely misses you.
The ufetubus hits you. The ufetubus closely misses you. The quokka misses you.
You scratch Eustachio. Your claw misses Eustachio.
Eustachio is heavily wounded.
The quokka splashes around in the water.
The ufetubus splashes around in the water.
The ufetubus hits you. The quokka barely misses you.
Eustachio hits you with a +0 falchion. The river rat bites you.
* * * LOW HITPOINT WARNING * * *
You closely miss Eustachio.
Eustachio is heavily wounded.
The ufetubus misses you. The ufetubus hits you.
* * * LOW HITPOINT WARNING * * *
The quokka splashes around in the water.
The quokka barely misses you. The river rat bites you.
* * * LOW HITPOINT WARNING * * *
Eustachio hits you with a +0 falchion!
* * * LOW HITPOINT WARNING * * *
You scratch Eustachio.
Eustachio is heavily wounded.
The ufetubus splashes around in the water.
The ufetubus hits you.
* * * LOW HITPOINT WARNING * * *
The quokka closely misses you. The quokka barely misses you.
The ufetubus hits you but does no damage. x2
The river rat closely misses you.
You feel very mighty all of a sudden.
The quokka bites you but does no damage.
Eustachio hits you with a +0 falchion.
* * * LOW HITPOINT WARNING * * *
The ufetubus hits you.
You die...

..####.###.#.#.#.#
..............##.#
..####.#####^###.######
..##...÷...(..)...[...##
[.#...((..#..(..........
.......(..#..###5##.....
..........##.#≈rr≈# .##
.......#..##.#5r@r#
...#.###..##.#≈5@r#
)..#.# #..##.#≈≈≈≈#
)###.###..##.#≈≈≈≈#
)##...##..##.######
.............
###...##..## ####.###..#
..........# ####.####.#


You could see Eustachio (inner flame), a quasit, 2 river rats, 2 ufetubi and 3
quokkas.

Vanquished Creatures
  Sigmund (D:5)
  An ice beast (D:5)
  An ogre (D:4)
  6 big kobolds (Sewer)
  A bullfrog (D:3)
  A water moccasin zombie (D:6)
  A scorpion (D:4)
  2 crimson imps
  2 hounds (D:6)
  A jelly (D:5)
  A bullfrog skeleton (D:4)
  An orc wizard (D:6)
  2 iguanas
  Ijyb (D:3)
  Terence (D:2)
  6 worker ants
  A howler monkey zombie (D:6)
  3 gnolls (D:5)
  2 river rats
  6 adders
  A shadow imp (D:5)
  2 oozes (Sewer)
  An adder skeleton (D:5)
  4 worms
  2 dart slugs
  6 leopard geckos
  10 orcs
  6 giant cockroaches
  6 goblins (D:1)
  13 hobgoblins
  22 jackals
  2 quokkas (D:4)
  11 ball pythons
  5 bats
  5 frilled lizards
  14 kobolds
  A quokka zombie (D:5)
  10 rats
162 creatures vanquished.

Notes
Turn   | Place    | Note
-------+----------+-------------------------------------------
     0 | D:1      | MisterOstroum the Troll Hunter began the quest for the Orb.
     0 | D:1      | Reached XP level 1. HP: 19/19 MP: 0/0
    98 | D:1      | Reached XP level 2. HP: 26/28 MP: 1/1
   111 | D:1      | Reached skill level 1 in Unarmed Combat
   322 | D:1      | Reached XP level 3. HP: 35/35 MP: 2/2
  1001 | D:2      | Reached XP level 4. HP: 37/44 MP: 3/3
  1287 | D:2      | Noticed Terence
  1289 | D:2      | Killed Terence
  1823 | D:3      | Noticed a bullfrog
  1832 | D:3      | Killed a bullfrog
  1832 | D:3      | Reached XP level 5. HP: 43/53 MP: 4/4
  2042 | D:3      | Noticed Ijyb
  2065 | D:3      | Killed Ijyb
  2272 | D:3      | You fall into a shaft and drop 2 floors!
  2272 | D:5      | Entered Level 5 of the Dungeon
  2308 | D:5      | Reached XP level 6. HP: 53/61 MP: 5/5
  2471 | D:5      | Noticed an ice beast
  2509 | D:4      | Reached skill level 5 in Throwing
  3209 | D:4      | Reached XP level 7. HP: 68/68 MP: 6/6
  3722 | D:5      | Noticed Sigmund
  3744 | D:5      | Killed Sigmund
  3946 | D:5      | Found a glowing silver altar of Zin.
  4027 | D:6      | Reached skill level 5 in Unarmed Combat
  4125 | D:6      | Reached XP level 8. HP: 65/79 MP: 7/7
  4284 | D:6      | Found a glowing drain.
  4301 | D:6      | Noticed Eustachio
  4304 | Sewer    | Entered a sewer
  4336 | Sewer    | Reached skill level 5 in Fighting
  5151 | D:6      | HP: 1/81 [Eustachio/+0 falchion (4)]
  5151 | D:6      | Slain by an ufetubus

Levels and vault maps discovered:
D:1:      elethiomel_arrival_fortress_basement, layout_loops_ring
D:2:      layout_basic, minmay_indecisive_spiral, uniq_terence
D:3:      layout_loops_ring, minmay_diced_spiral, uniq_ijyb
D:4:      layout_loops_corners
D:5:      layout_loops_ring, zin_treasury, first_ration, uniq_sigmund
D:6:      layout_loops_ring, portal_sewer_entry_c, uniq_eustachio

Skill      XL: |  1  2  3  4  5  6  7  8 |
---------------+-------------------------+-----
Unarmed Combat | 1 2 3 4 5 6 |  6.3
Fighting       | 2 3 4 5 |  5.5
Throwing       | 4 5 6 |  6.9
Dodging        | |  1.5
Stealth        | |  0.3

Action                   |  1- 3 |  4- 6 |  7- 9 || total
-------------------------+-------+-------+-------++-------
Melee: Short sword       |   170 |    84 |       ||   254
       Punch             |     3 |     2 |     6 ||    11
       Unarmed           |       |    52 |   129 ||   181
Throw: Stone             |    48 |   108 |   114 ||   270
       Large rock        |     3 |    24 |    40 ||    67
       Dart              |     3 |    12 |       ||    15
       Throwing net      |       |     1 |       ||     1
       Javelin           |       |       |     6 ||     6
  Use: Scroll            |     1 |     1 |     2 ||     4
       Potion            |       |       |     1 ||     1
  Eat: Chunk             |    15 |    19 |    19 ||    53
Armor: Robe              |    67 |    36 |    53 ||   156
Dodge: Dodged            |   110 |    67 |    82 ||   259

Table legend:
 A = Non-vault XP
 B = Vault XP
 C = Vault XP percentage of total XP
 D = Non-vault monster count
 E = Vault monster count
 F = Vault count percentage of total count
                 A         B        C        D         E       F
            +---------+---------+-------+---------+---------+-------
      Total |    1373 |    1030 |  42.9 |     122 |      40 |  24.7
            +---------+---------+-------+---------+---------+-------
        D:1 |      70 |       2 |   2.8 |      37 |       1 |   2.6
        D:2 |      43 |      58 |  57.4 |      15 |       5 |  25.0
        D:3 |     134 |      37 |  21.6 |      13 |       2 |  13.3
        D:4 |     356 |       0 |   0.0 |      18 |       0 |   0.0
        D:5 |     340 |     242 |  41.6 |      20 |       1 |   4.8
        D:6 |     430 |      17 |   3.8 |      19 |       3 |  13.6
      Sewer |       0 |     674 | 100.0 |       0 |      28 | 100.0
            +---------+---------+-------+---------+---------+-------
